 Dungeon Crawl Stone Soup version 0.27-a0-1137-g3ef0f4ec91 (webtiles) character file.

Game seed: 6455004318323795351

39 siradein the Slasher (level 3, -6/31 HPs)
             Began as a Minotaur Fighter on May 7, 2021.
             Mangled by an ogre
             ... wielding a +0 giant club
              (15 damage)
             ... on level 2 of the Dungeon.
             The game lasted 00:06:00 (1265 turns).

siradein the Slasher (Minotaur Fighter)             Turns: 1265, Time: 00:06:01

Health: -6/31      AC:  6    Str: 21    XL:     3   Next: 28%
Magic:  2/2        EV:  7    Int:  5    God:
Gold:   85         SH:  9    Dex:  9    Spells: 2/2 levels left

rFire    . . .     SeeInvis .   a - +0 long sword
rCold    + . .     Faith    .   c - +0 kite shield
rNeg     . . .     Spirit   .   b - +0 scale mail
rPois    .         Reflect  .   (helmet restricted)
rElec    .         Harm     .   (no cloak)
rCorr    .         Rampage  .   (no gloves)
Will     .....                  (no boots)
Stlth    ..........             (no amulet)
HPRegen  0.10/turn              f - ring of protection from cold
MPRegen  0.08/turn              (no ring)

@: mighty
A: horns 2, retaliatory headbutt
a: no special abilities


You were on level 2 of the Dungeon.
You visited 1 branch of the dungeon, and saw 2 of its levels.

You collected 85 gold pieces.

Inventory:

Hand Weapons
 a - a +0 long sword (weapon)
Missiles
 l - 6 silver boomerangs (quivered)
Armour
 b - a +0 scale mail (worn)
 c - a +0 kite shield (worn)
Jewellery
 f - a ring of protection from cold (left hand)
Scrolls
 g - a scroll of identify {unknown}
 i - a scroll of brand weapon {unknown}
 k - a scroll of summoning {unknown}
Potions
 e - a potion of mutation {unknown}
 j - a potion of heal wounds {unknown}


   Skills:
 - Level 3.6 Fighting
 + Level 4.6 Long Blades
 - Level 3.6 Armour
 - Level 3.6 Shields


You had 2 spell levels left.
You didn't know any spells.
Your spell library contained the following spells:

 Spells                   Type           Power      Damage    Failure   Level
 Magic Dart               Conj           0%         1d3       99%         1
 Blink                    Tloc           N/A        N/A       100%        2
 Call Imp                 Summ           0%         N/A       100%        2
 Slow                     Hex            0%         N/A       100%        2
 Conjure Flame            Conj/Fire      0%         6-21      100%        3
 Mephitic Cloud           Conj/Pois/Air  0%         N/A       100%        3


Dungeon Overview and Level Annotations

Branches:
Dungeon (2/15)

Altars:

Shops:
D:1 *


Innate Abilities, Weirdness & Mutations

You have a pair of horns on your head.
You reflexively headbutt those who attack you in melee.


Message History

You pick up a book of Minor Magic and begin reading...
You add the spells Magic Dart, Blink, Call Imp, Slow, Conjure Flame and Mephitic Cloud to your library.
An ogre comes into view. It is wielding a +0 giant club.
The ogre shouts!
Throw: 3 darts (datura)
Press: ? - help, Q - select action, (/) - cycle Shift-Dir - straight line, f - ogre
Aim: an ogre, wielding a +0 giant club (71% to hit, chance to frenzy on hit: 27%)
Your line of fire to the ogre is blocked by a plant.
Continue anyway?
Okay, then.
Throw: 3 darts (datura)
Press: ? - help, Q - select action, (/) - cycle Shift-Dir - straight line, f/p - ogre
Aim: an ogre, wielding a +0 giant club (70% to hit, chance to frenzy on hit: 27%)
You throw a datura-tipped dart. The datura-tipped dart hits the ogre.
The ogre resists.
Throw: 2 darts (datura)
Press: ? - help, Q - select action, (/) - cycle Shift-Dir - straight line, f/p - ogre
Aim: an ogre, wielding a +0 giant club (70% to hit, chance to frenzy on hit: 27%)
You throw a datura-tipped dart. The datura-tipped dart hits the ogre.
The ogre resists.
Throw: dart (datura)
Press: ? - help, Q - select action, (/) - cycle Shift-Dir - straight line, f/p - ogre
Aim: an ogre, wielding a +0 giant club (71% to hit, chance to frenzy on hit: 27%)
You throw a datura-tipped dart.
The datura-tipped dart barely misses the ogre.
The datura-tipped dart hits the plant.
The plant resists.
Okay, then.
You feel very mighty all of a sudden.
An adder comes into view.
The adder hisses angrily.
You slash the ogre!
The ogre is moderately wounded.
The ogre hits you with a +0 giant club!!
Ouch! That really hurt!
* * * LOW HITPOINT WARNING * * *
You are too injured to fight recklessly!
You are too injured to fight recklessly!
You slash the ogre!
The ogre is heavily wounded.
The ogre hits you with a +0 giant club!
You die...

#.##..####..............
#.#....PP.......#.........
##.#...♣.P.................
#..... ♣♣....[..P♣P......).
.PP..♣♣PP..#....♣.........
♣..PP♣......>#.P♣PPPP###.
♣♣♣....P........PP.♣♣..##.
.PPP................P♣P.##.
....P....O@...#....P).♣..#.
....#(.................♣...
.......?......#..(....P....
...#..S.......#..........#.
.. ##....................##
. ..............[.......##
###.........#...........#
#.........#............
#..........#.


You could see an ogre and an adder.

Vanquished Creatures
  An adder (D:2)
  A dart slug (D:1)
  6 endoplasms (D:1)
  2 giant cockroaches
  3 goblins (D:1)
  A hobgoblin (D:1)
  2 ball pythons (D:1)
  5 bats
  A frilled lizard (D:1)
  3 kobolds
  2 rats (D:1)
27 creatures vanquished.

Vanquished Creatures (others)
  A plant (D:2)
1 creature vanquished.

Grand Total: 28 creatures vanquished

Notes
Turn   | Place    | Note
-------+----------+-------------------------------------------
     0 | D:1      | siradein the Minotaur Fighter began the quest for the Orb.
     0 | D:1      | Reached XP level 1. HP: 19/19 MP: 0/0
   159 | D:1      | Found a faded altar of an unknown god.
   196 | D:1      | Found Qeydin's Assorted Antiques.
   207 | D:1      | Reached skill level 3 in Long Blades
   268 | D:1      | Reached XP level 2. HP: 26/26 MP: 1/1
   579 | D:1      | Reached skill level 4 in Long Blades
  1005 | D:2      | Reached XP level 3. HP: 31/31 MP: 2/2
  1255 | D:2      | Noticed an ogre
  1265 | D:2      | Mangled by an ogre

Illustrated notes

Levels and vault maps discovered:
D:1:      lightli_iron_boxes, layout_loops_ring, serial_shops, shop,
          hellmonk_ecumenical_altar_slurped_away
D:2:      layout_rooms, serial_shops, nicolae_shop_competitors_out_of_business,
          serial_forest, infiniplex_forest_straight_3,
          infiniplex_forest_clump_double, infiniplex_forest_end_3,
          infiniplex_forest_lined_ring, infiniplex_forest_clump_large,
          infiniplex_forest_clump_long, infiniplex_forest_clump_diagonal,
          infiniplex_forest_straight_3

Skill      XL: |  1  2 |
---------------+-------+-----
Long Blades    | 3 4 |  4.6
Fighting       | |  3.6
Armour         | |  3.6
Shields        | |  3.6

Action                   || total
-------------------------++-------
Melee: Long sword        ||    66
       Headbutt          ||    12
Throw: Dart              ||     3
  Use: Potion            ||     1
Armor: Scale mail        ||    24
Dodge: Dodged            ||    13
Block: Kite shield       ||    24
       Rpst.: Long sword ||     3

Table legend: (Time is in decaauts)
 A = Elapsed time spent in this place.
 B = Non-inter-level travel time spent in this place.
 C = Inter-level travel time spent in this place.
 D = Time resting spent in this place.
 E = Time spent auto-exploring this place.
 F = Levels seen in this place.
 G = Mean time per level.
                   A        B        C        D        E       F      G
               +--------+--------+--------+--------+--------+-----+--------+
         Total |   1293 |   1259 |     34 |      0 |   1074 |   2 |  646.5 |
       Dungeon |   1293 |   1259 |     34 |      0 |   1074 |   2 |  646.5 |
               +--------+--------+--------+--------+--------+-----+--------+

Top non-repeatable levels by time:
     D:1: 996 daAuts
     D:2: 297 daAuts
